[Event "FICS rated standard game"]
[Site "FICS freechess.org"]
[FICSGamesDBGameNo "20001047"]
[White "Thao"]
[Black "Trotti"]
[WhiteElo "1563"]
[BlackElo "1493"]
[WhiteRD "na"]
[BlackRD "na"]
[TimeControl "900+15"]
[Date "1999.06.24"]
[Time "08:16:00"]
[WhiteClock "0:15:00.000"]
[BlackClock "0:15:00.000"]
[ECO "B07"]
[PlyCount "49"]
[Result "1-0"]

1. e4 d6 2. d4 Nf6 3. Nc3 g6 4. d5 Bg7 5. Nf3 O-O 6. Bc4 a6 7. a3 Nbd7 8. O-O b5 9. Ba2 Nb6 10. b4 Bb7 11. Bb2 Nxe4 12. Nd4 Nxc3 13. Bxc3 Na4 14. Nc6 Bxc6 15. Bxg7 Kxg7 16. Qd4+ e5 17. dxe6+ f6 18. Rfe1 Re8 19. Re3 Re7 20. Rae1 Qf8 21. g4 g5 22. Bb1 Rae8 23. c4 h6 24. Qd3 Nb6 25. Qh7# {Black checkmated} 1-0

[Event "FICS rated blitz game"]
[Site "FICS freechess.org"]
[FICSGamesDBGameNo "20001046"]
[White "StrangeGhost"]
[Black "Bobbyjames"]
[WhiteElo "1373"]
[BlackElo "1261"]
[WhiteRD "na"]
[BlackRD "na"]
[TimeControl "120+5"]
[Date "1999.06.24"]
[Time "06:57:00"]
[WhiteClock "0:02:00.000"]
[BlackClock "0:02:00.000"]
[ECO "C01"]
[PlyCount "91"]
[Result "1-0"]

1. e4 e6 2. d4 d5 3. exd5 exd5 4. Bd3 Nc6 5. Nf3 Bg4 6. c3 Nf6 7. Bf4 Bd6 8. Bg3 Bxg3 9. hxg3 Qe7+ 10. Qe2 Qxe2+ 11. Bxe2 Bxf3 12. Bxf3 O-O 13. O-O Ne4 14. Re1 f5 15. Re2 Rae8 16. Nd2 Nxd2 17. Rxd2 Ne7 18. Re1 c6 19. Rde2 Kf7 20. c4 g6 21. cxd5 Nxd5 22. Re5 Rxe5 23. Rxe5 Re8 24. Bxd5+ cxd5 25. f4 Rxe5 26. dxe5 Ke6 27. Kf2 h6 28. Ke3 g5 29. Kd4 gxf4 30. gxf4 b6 31. b4 a6 32. a4 h5 33. g3 a5 34. bxa5 bxa5 35. Kc5 Kf7 36. Kxd5 Ke7 37. Kc5 Ke6 38. Kb5 Kd5 39. Kxa5 Kc5 40. Ka6 Kc6 41. a5 Kc7 42. Kb5 Kb7 43. Kc5 Ka6 44. e6 Kxa5 45. e7 Ka6 46. e8=Q {Black resigns} 1-0

[Event "FICS rated blitz game"]
[Site "FICS freechess.org"]
[FICSGamesDBGameNo "20001045"]
[White "Bogoljubov"]
[Black "Credit"]
[WhiteElo "1894"]
[BlackElo "1899"]
[WhiteRD "na"]
[BlackRD "na"]
[TimeControl "300+0"]
[Date "1999.06.24"]
[Time "06:48:00"]
[WhiteClock "0:05:00.000"]
[BlackClock "0:05:00.000"]
[ECO "A04"]
[PlyCount "85"]
[Result "1-0"]

1. Nf3 b6 2. g3 Bb7 3. Bg2 e6 4. O-O f5 5. c4 Nf6 6. Nc3 Be7 7. d3 O-O 8. Rb1 a5 9. a3 Kh8 10. b4 axb4 11. axb4 Qe8 12. Bf4 d6 13. Nb5 Bd8 14. Bg5 Qh5 15. e3 e5 16. Bxf6 Rxf6 17. Ng5 Qxd1 18. Rfxd1 Bxg2 19. Kxg2 Nc6 20. d4 h6 21. d5 hxg5 22. dxc6 f4 23. exf4 gxf4 24. f3 fxg3 25. hxg3 Rf7 26. Ra1 Rc8 27. Ra7 Bg5 28. Nxd6 cxd6 29. Rxf7 Rxc6 30. b5 Rxc4 31. Rxd6 Rc2+ 32. Kh3 Be3 33. Rg6 Bh6 34. Rxb6 Rb2 35. Rbb7 Kg8 36. Rfe7 Kh7 37. Rxe5 Kg6 38. f4 Kf6 39. Kg4 Rg2 40. Rc5 Kg6 41. Rc6+ Kh7 42. f5 Be3 43. f6 {Black resigns} 1-0

[Event "FICS rated blitz game"]
[Site "FICS freechess.org"]
[FICSGamesDBGameNo "20001044"]
[White "Taps"]
[Black "bepo"]
[WhiteElo "1473"]
[BlackElo "1588"]
[WhiteRD "na"]
[BlackRD "na"]
[TimeControl "300+0"]
[Date "1999.06.24"]
[Time "06:40:00"]
[WhiteClock "0:05:00.000"]
[BlackClock "0:05:00.000"]
[ECO "B13"]
[PlyCount "64"]
[Result "0-1"]

1. e4 c6 2. d4 d5 3. exd5 cxd5 4. Bb5+ Bd7 5. Bxd7+ Nxd7 6. Nc3 Ngf6 7. Bg5 e6 8. Qe2 Be7 9. Nf3 O-O 10. O-O h6 11. Bh4 a6 12. Bg3 b5 13. Ne5 Nb6 14. Nc6 Qd7 15. Nxe7+ Qxe7 16. Nd1 Ne4 17. Be5 Nc4 18. b3 Nxe5 19. dxe5 Rac8 20. Rc1 Qa3 21. Ne3 Rc7 22. f4 Qc5 23. f5 exf5 24. Rxf5 d4 25. e6 Qa3 26. Rcf1 dxe3 27. Qxe3 Nd6 28. R5f2 Qc5 29. Qe2 fxe6 30. Qxe6+ Kh8 31. Qe2 Rxf2 32. Rxf2 Rf7 {White resigns} 0-1

[Event "FICS rated blitz game"]
[Site "FICS freechess.org"]
[FICSGamesDBGameNo "20001043"]
[White "Isegrim"]
[Black "profligate"]
[WhiteElo "1483"]
[BlackElo "1688"]
[WhiteRD "na"]
[BlackRD "na"]
[TimeControl "180+0"]
[Date "1999.06.24"]
[Time "06:34:00"]
[WhiteClock "0:03:00.000"]
[BlackClock "0:03:00.000"]
[ECO "C30"]
[PlyCount "90"]
[Result "1-0"]

1. e4 e5 2. f4 Bc5 3. Nf3 Nc6 4. Nc3 d6 5. Bb5 Bg4 6. d3 Nf6 7. h3 Bxf3 8. Bxc6+ bxc6 9. Qxf3 Rb8 10. Na4 Bd4 11. c3 Bb6 12. fxe5 dxe5 13. Bg5 Qd6 14. Bxf6 gxf6 15. Nxb6 Rxb6 16. b4 c5 17. a3 cxb4 18. axb4 c5 19. O-O cxb4 20. Rxa7 bxc3 21. Ra8+ Rb8 22. Rxb8+ Qxb8 23. Qxf6 Rf8 24. Qc6+ Kd8 25. Qxc3 Qb6+ 26. Kh1 Qd4 27. Qxd4+ exd4 28. Rf6 Ke7 29. Rh6 Rh8 30. g4 f6 31. Kg2 Ke6 32. Kf3 Ke5 33. Rh5+ Kd6 34. Kf4 Ke6 35. Rh6 Kd6 36. g5 Ke7 37. gxf6+ Kf7 38. Kf5 Kf8 39. e5 Kf7 40. e6+ Kf8 41. f7 Kg7 42. Rf6 Rf8 43. e7 Rxf7 44. e8=Q Rxf6+ 45. Ke5 Rf3 {Black forfeits on time} 1-0

[Event "FICS rated blitz game"]
[Site "FICS freechess.org"]
[FICSGamesDBGameNo "20001042"]
[White "Begemot"]
[Black "Visje"]
[WhiteElo "1992"]
[BlackElo "2026"]
[WhiteRD "na"]
[BlackRD "na"]
[TimeControl "180+0"]
[Date "1999.06.24"]
[Time "03:34:00"]
[WhiteClock "0:03:00.000"]
[BlackClock "0:03:00.000"]
[ECO "C55"]
[PlyCount "85"]
[Result "1-0"]

1. e4 e5 2. Nf3 Nc6 3. Bc4 Nf6 4. d4 exd4 5. e5 Ne4 6. Bd5 Nc5 7. O-O Ne6 8. Re1 Be7 9. c3 dxc3 10. Nxc3 O-O 11. Be4 d6 12. Qc2 h6 13. Bf4 dxe5 14. Bxe5 Nxe5 15. Nxe5 Ng5 16. Rad1 Bd6 17. Nc4 Nxe4 18. Nxe4 Bf5 19. Qb3 Bxh2+ 20. Kxh2 Qh4+ 21. Kg1 Bxe4 22. Rd4 Bc2 23. Rxh4 Bxb3 24. axb3 b5 25. Na5 Rad8 26. Rhe4 Rd2 27. R4e2 Rd3 28. Rc2 Rc8 29. Rec1 Rd7 30. Kf1 a6 31. Rc6 Rd2 32. R1c2 Rcd8 33. Rxd2 Rxd2 34. Rxc7 Rxb2 35. Rc6 Ra2 36. Rxa6 Ra3 37. Ke2 Kh7 38. Ke3 Ra2 39. Ra7 Kg6 40. Nc6 Rb2 41. Nd4 b4 42. Rb7 f5 43. Rxb4 {Black resigns} 1-0

[Event "FICS rated lightning game"]
[Site "FICS freechess.org"]
[FICSGamesDBGameNo "20001041"]
[White "tmw"]
[Black "jstraat"]
[WhiteElo "1778"]
[BlackElo "1676"]
[WhiteRD "na"]
[BlackRD "na"]
[TimeControl "120+0"]
[Date "1999.06.23"]
[Time "21:54:00"]
[WhiteClock "0:02:00.000"]
[BlackClock "0:02:00.000"]
[ECO "C55"]
[PlyCount "68"]
[Result "0-1"]

1. e4 e5 2. Nf3 Nc6 3. Bc4 Nf6 4. d3 d6 5. Nc3 h6 6. a3 Be7 7. Be3 a5 8. Qd2 Be6 9. Nd5 Bxd5 10. exd5 Nd4 11. Nxd4 exd4 12. Bxd4 O-O 13. O-O Qd7 14. Be3 Rfe8 15. Rae1 c6 16. dxc6 bxc6 17. Bxh6 gxh6 18. Qxh6 Nh7 19. Qg6+ Kh8 20. Bxf7 Rf8 21. Re3 Bf6 22. Be6 Qg7 23. Qh5 Rae8 24. Rg3 Qe7 25. Bf5 Rg8 26. Rxg8+ Rxg8 27. Bxh7 Qxh7 28. Qxh7+ Kxh7 29. Re1 Rb8 30. b3 a4 31. b4 c5 32. bxc5 dxc5 33. Re6 Rb1+ 34. Re1 Rxe1# {White checkmated} 0-1

[Event "FICS rated blitz game"]
[Site "FICS freechess.org"]
[FICSGamesDBGameNo "20001040"]
[White "somebloke"]
[Black "mcconn"]
[WhiteElo "1215"]
[BlackElo "1237"]
[WhiteRD "na"]
[BlackRD "na"]
[TimeControl "180+12"]
[Date "1999.06.23"]
[Time "21:16:00"]
[WhiteClock "0:03:00.000"]
[BlackClock "0:03:00.000"]
[ECO "B20"]
[PlyCount "59"]
[Result "1-0"]

1. e4 c5 2. Bc4 e6 3. Nc3 a6 4. d3 b5 5. Bb3 Qf6 6. Qf3 Qxf3 7. Nxf3 g6 8. Bg5 Bg7 9. O-O b4 10. Na4 d6 11. Nb6 Bxb2 12. Rab1 Bc3 13. Nxa8 h6 14. Bf4 e5 15. Bg3 Nd7 16. Nc7+ Kd8 17. Nd5 Bb7 18. Nxc3 bxc3 19. Bxf7 Bc6 20. Bxg6 Ndf6 21. Rb6 Ba4 22. Rxd6+ Ke7 23. Bxe5 Bxc2 24. Rxa6 Bxd3 25. Bxc3 Bxa6 26. Re1 Kd6 27. e5+ Kc7 28. exf6 Bb7 29. f7 Bxf3 30. gxf3 {Black resigns} 1-0

[Event "FICS rated blitz game"]
[Site "FICS freechess.org"]
[FICSGamesDBGameNo "20001039"]
[White "ReubenFine"]
[Black "weenar"]
[WhiteElo "1675"]
[BlackElo "1406"]
[WhiteRD "na"]
[BlackRD "na"]
[TimeControl "180+0"]
[Date "1999.06.23"]
[Time "21:08:00"]
[WhiteClock "0:03:00.000"]
[BlackClock "0:03:00.000"]
[ECO "A40"]
[PlyCount "87"]
[Result "1-0"]

1. d4 Nc6 2. d5 Ne5 3. f4 Ng6 4. e4 d6 5. Nf3 f5 6. Nc3 Nf6 7. e5 dxe5 8. fxe5 Ne4 9. Bb5+ Bd7 10. O-O Nxc3 11. Bxd7+ Qxd7 12. bxc3 O-O-O 13. c4 h5 14. e6 Qe8 15. Be3 b6 16. c3 f4 17. Bf2 h4 18. a4 a5 19. Rb1 c6 20. c5 bxc5 21. Qb3 Kc7 22. Qb7+ Kd6 23. dxc6 Kxe6 24. c7 Rc8 25. Rfe1+ Kf7 26. Qd5+ Kf6 27. Qg5+ Kf7 28. Bxc5 Kg8 29. Re6 Rh6 30. Ne5 Nxe5 31. Rxh6 Nf7 32. Qxf4 Nxh6 33. Bb6 Qg6 34. Rd1 Qc2 35. Rd8 Qb1+ 36. Qf1 Qxf1+ 37. Kxf1 Rxd8 38. cxd8=Q Nf5 39. Qd5+ Kh8 40. Qxf5 e6 41. Qxe6 Ba3 42. Qe8+ Kh7 43. Qh5+ Kg8 44. Qxh4 {Black forfeits on time} 1-0

[Event "FICS rated blitz game"]
[Site "FICS freechess.org"]
[FICSGamesDBGameNo "20001038"]
[White "marychessplayer"]
[Black "imhotep"]
[WhiteElo "1344"]
[BlackElo "1391"]
[WhiteRD "na"]
[BlackRD "na"]
[TimeControl "780+0"]
[Date "1999.06.23"]
[Time "18:53:00"]
[WhiteClock "0:13:00.000"]
[BlackClock "0:13:00.000"]
[ECO "B03"]
[PlyCount "27"]
[Result "0-1"]

1. e4 Nf6 2. e5 Nd5 3. c4 Nb6 4. d4 d6 5. a4 dxe5 6. dxe5 Qxd1+ 7. Kxd1 Nc6 8. a5 Nd7 9. f4 Nc5 10. Nd2 Bg4+ 11. Be2 Bxe2+ 12. Nxe2 O-O-O 13. Ra3 e6 14. Nc3 {Black wins by adjudication} 0-1

[Event "FICS rated blitz game"]
[Site "FICS freechess.org"]
[FICSGamesDBGameNo "20001036"]
[White "donsmith"]
[Black "tuguin"]
[WhiteElo "1546"]
[BlackElo "1579"]
[WhiteRD "na"]
[BlackRD "na"]
[TimeControl "300+3"]
[Date "1999.06.23"]
[Time "17:36:00"]
[WhiteClock "0:05:00.000"]
[BlackClock "0:05:00.000"]
[ECO "C00"]
[PlyCount "71"]
[Result "1-0"]

1. e4 e6 2. c4 d5 3. cxd5 exd5 4. exd5 Qxd5 5. Nc3 Qe5+ 6. Qe2 Bd6 7. Nf3 Qxe2+ 8. Bxe2 Bd7 9. O-O Nf6 10. d4 O-O 11. a3 Bc6 12. Be3 Nbd7 13. Rfd1 Nb6 14. Ne5 Bd5 15. Nxd5 Nbxd5 16. Nf3 Rfe8 17. Rd3 Ng4 18. Ne5 Ndxe3 19. Bxg4 Nxg4 20. Nxg4 Re2 21. b4 Rae8 22. Ne3 Bf4 23. Rc3 Bxe3 24. fxe3 c6 25. d5 cxd5 26. Rc7 R2xe3 27. Rxb7 R3e7 28. Rxe7 Rxe7 29. Kf2 Rd7 30. Ke3 Kf8 31. Kd4 Ke7 32. Rc1 Kd6 33. Rc5 Ke6 34. Ra5 f5 35. Ra6+ Rd6 36. Rxa7 {Black resigns} 1-0

[Event "FICS rated lightning game"]
[Site "FICS freechess.org"]
[FICSGamesDBGameNo "20001035"]
[White "Rambocombo"]
[Black "beercan"]
[WhiteElo "1895"]
[BlackElo "1815"]
[WhiteRD "na"]
[BlackRD "na"]
[TimeControl "60+0"]
[Date "1999.06.23"]
[Time "17:33:00"]
[WhiteClock "0:01:00.000"]
[BlackClock "0:01:00.000"]
[ECO "A40"]
[PlyCount "54"]
[Result "0-1"]

1. d4 e5 2. e3 exd4 3. exd4 Nc6 4. Nf3 d5 5. Bd3 Bg4 6. O-O Nf6 7. Re1+ Be7 8. h3 Bh5 9. Nbd2 Nxd4 10. g4 Nxf3+ 11. Qxf3 Bg6 12. Bxg6 hxg6 13. Nb3 Qd7 14. Bg5 O-O-O 15. Rad1 c6 16. c4 d4 17. c5 Qd5 18. Qxd5 Nxd5 19. Bxe7 Nxe7 20. Rxd4 Nd5 21. Kg2 Rhe8 22. Rde4 Nf4+ 23. Kg3 Rxe4 24. Rxe4 Nd3 25. Re7 Rd7 26. Rxd7 Kxd7 27. f4 Nxb2 {White forfeits on time} 0-1

[Event "FICS rated lightning game"]
[Site "FICS freechess.org"]
[FICSGamesDBGameNo "20001034"]
[White "Khujo"]
[Black "demish"]
[WhiteElo "2051"]
[BlackElo "2058"]
[WhiteRD "na"]
[BlackRD "na"]
[TimeControl "60+0"]
[Date "1999.06.23"]
[Time "16:38:00"]
[WhiteClock "0:01:00.000"]
[BlackClock "0:01:00.000"]
[ECO "B02"]
[PlyCount "73"]
[Result "1-0"]

1. e4 Nf6 2. d3 c5 3. Be2 d6 4. Nf3 Nc6 5. O-O g6 6. Nc3 Bg7 7. Bg5 e5 8. Qc1 h6 9. Bh4 g5 10. Bg3 Nh5 11. Nd5 Nxg3 12. fxg3 Be6 13. c4 Bxd5 14. cxd5 Nd4 15. Nxd4 cxd4 16. Bg4 Qb6 17. b3 O-O 18. Qd2 a5 19. Bf5 Qb4 20. Qe2 Qc3 21. Rac1 Qb4 22. Rc7 a4 23. Qh5 axb3 24. Bg4 bxa2 25. Rcxf7 a1=Q 26. Rxf8+ Bxf8 27. Qg6+ Bg7 28. Be6+ Kh8 29. Rxa1 Rxa1+ 30. Kf2 Qd2+ 31. Kf3 Rf1+ 32. Kg4 Qf2 33. Qe8+ Qf8 34. Qg6 Qf2 35. Bf5 Qe2+ 36. Kh3 g4+ 37. Kh4 {Black forfeits on time} 1-0

[Event "FICS rated blitz game"]
[Site "FICS freechess.org"]
[FICSGamesDBGameNo "20001033"]
[White "UnderToad"]
[Black "Vladslav"]
[WhiteElo "1611"]
[BlackElo "1433"]
[WhiteRD "na"]
[BlackRD "na"]
[TimeControl "120+12"]
[Date "1999.06.23"]
[Time "15:54:00"]
[WhiteClock "0:02:00.000"]
[BlackClock "0:02:00.000"]
[ECO "C44"]
[PlyCount "50"]
[Result "0-1"]

1. e4 e5 2. Nf3 Nc6 3. d4 d6 4. Bc4 Bg4 5. Bg5 f6 6. Bh4 Qd7 7. d5 Nd4 8. c3 Nxf3+ 9. gxf3 Bh5 10. Qd3 O-O-O 11. Na3 Qh3 12. Bg3 Qg2 13. O-O-O Bxf3 14. Rdg1 Qxh1 15. Rxh1 Bxh1 16. Qe3 b6 17. Bf1 Nh6 18. Qe2 f5 19. Qa6+ Kd7 20. Qxa7 Bxe4 21. c4 Ng4 22. Nb5 Rc8 23. Qb7 g6 24. Be2 Bh6+ 25. Kd1 Nf6 {White forfeits on time} 0-1

[Event "FICS rated blitz game"]
[Site "FICS freechess.org"]
[FICSGamesDBGameNo "20001032"]
[White "LadyPomoroy"]
[Black "HAAG"]
[WhiteElo "1794"]
[BlackElo "1749"]
[WhiteRD "na"]
[BlackRD "na"]
[TimeControl "180+0"]
[Date "1999.06.23"]
[Time "14:51:00"]
[WhiteClock "0:03:00.000"]
[BlackClock "0:03:00.000"]
[ECO "E65"]
[PlyCount "62"]
[Result "0-1"]

1. Nf3 Nf6 2. d4 g6 3. c4 Bg7 4. Nc3 d6 5. g3 O-O 6. Bg2 c5 7. O-O cxd4 8. Nxd4 a6 9. e4 Qc7 10. Be3 Qxc4 11. Rc1 Qb4 12. Qd2 Nfd7 13. a3 Qa5 14. Nd5 Qd8 15. Nc7 Ra7 16. Nf5 gxf5 17. Bxa7 Nc6 18. Rxc6 bxc6 19. Qa5 Bxb2 20. exf5 Nf6 21. Rb1 Be5 22. Rb8 d5 23. Bb6 Bxc7 24. Bxc7 Qd7 25. h3 Qxf5 26. Bf4 Ne4 27. Be3 e5 28. g4 Qf6 29. Qc7 d4 30. Bxe4 dxe3 31. fxe3 Bxg4 {White forfeits on time} 0-1

[Event "FICS rated blitz game"]
[Site "FICS freechess.org"]
[FICSGamesDBGameNo "20001031"]
[White "Zappa"]
[Black "middk"]
[WhiteElo "1475"]
[BlackElo "1499"]
[WhiteRD "na"]
[BlackRD "na"]
[TimeControl "300+0"]
[Date "1999.06.23"]
[Time "12:06:00"]
[WhiteClock "0:05:00.000"]
[BlackClock "0:05:00.000"]
[ECO "C45"]
[PlyCount "74"]
[Result "0-1"]

1. e4 e5 2. Nf3 Nc6 3. d4 exd4 4. Nxd4 Bc5 5. Nxc6 bxc6 6. Nc3 Nf6 7. Bg5 d6 8. h3 O-O 9. Qf3 Be6 10. Bxf6 Qxf6 11. Qxf6 gxf6 12. O-O-O Bxf2 13. b3 c5 14. g4 Bd4 15. Ne2 Be5 16. Bg2 a5 17. a4 c4 18. Nd4 Bxd4 19. Rxd4 cxb3 20. cxb3 Bxb3 21. e5 fxe5 22. Rd3 Rab8 23. Bd5 Bxa4 24. Ra3 Rb5 25. Bc6 Rc5+ 26. Kb2 Bxc6 27. Rc1 Rxc1 28. Kxc1 Rb8 29. Rxa5 Bf3 30. g5 e4 31. h4 Kg7 32. Kd2 Kg6 33. Ke3 Kh5 34. g6+ Kxg6 35. Rg5+ Kh6 36. Kf4 Rb1 37. h5 Bxh5 {White resigns} 0-1

[Event "FICS rated standard game"]
[Site "FICS freechess.org"]
[FICSGamesDBGameNo "20001029"]
[White "lemminghero"]
[Black "Pinball"]
[WhiteElo "1941"]
[BlackElo "1978"]
[WhiteRD "na"]
[BlackRD "na"]
[TimeControl "1800+0"]
[Date "1999.06.23"]
[Time "11:23:00"]
[WhiteClock "0:30:00.000"]
[BlackClock "0:30:00.000"]
[ECO "B24"]
[PlyCount "77"]
[Result "1-0"]

1. e4 c5 2. Nc3 Nc6 3. g3 g6 4. Bg2 Bg7 5. d3 e6 6. Nf3 Nge7 7. O-O d5 8. Re1 d4 9. Ne2 e5 10. Nd2 O-O 11. f4 Bg4 12. h3 Bxe2 13. Qxe2 Qd7 14. Nf3 Rae8 15. fxe5 Nc8 16. Bf4 Nxe5 17. Nxe5 Bxe5 18. Bh6 Bg7 19. Bxg7 Kxg7 20. Qd2 Ne7 21. Rf1 Nc6 22. Rf2 Ne5 23. Raf1 Re6 24. Qg5 h6 25. Qf4 f6 26. Kh2 Rb6 27. b3 Ra6 28. a4 b5 29. axb5 Qxb5 30. h4 h5 31. Bh3 Rd6 32. g4 hxg4 33. Bxg4 Nxg4+ 34. Qxg4 Rh8 35. e5 Qd7 36. Qg3 Re6 37. Rxf6 Rxf6 38. Rxf6 Qe7 39. Qxg6# {Black checkmated} 1-0

[Event "FICS rated blitz game"]
[Site "FICS freechess.org"]
[FICSGamesDBGameNo "20001028"]
[White "joas"]
[Black "pastene"]
[WhiteElo "1139"]
[BlackElo "1042"]
[WhiteRD "na"]
[BlackRD "na"]
[TimeControl "120+12"]
[Date "1999.06.23"]
[Time "09:03:00"]
[WhiteClock "0:02:00.000"]
[BlackClock "0:02:00.000"]
[ECO "C44"]
[PlyCount "46"]
[Result "0-1"]

1. e4 e5 2. Nf3 Nc6 3. d4 Qe7 4. d5 Nb4 5. c3 Na6 6. Qa4 Nc5 7. Qb5 c6 8. Qb4 cxd5 9. exd5 e4 10. Nd4 Nd3+ 11. Bxd3 Qxb4 12. cxb4 exd3 13. O-O Bxb4 14. Bd2 Bc5 15. Re1+ Ne7 16. Nb5 O-O 17. d6 Nd5 18. N1c3 Nxc3 19. Bxc3 a6 20. Nc7 Rb8 21. Rac1 Bxd6 22. Ba5 b6 23. Nxa6 bxa5 {White resigns} 0-1

[Event "FICS rated blitz game"]
[Site "FICS freechess.org"]
[FICSGamesDBGameNo "20001027"]
[White "lemminghero"]
[Black "RJF"]
[WhiteElo "1868"]
[BlackElo "2096"]
[WhiteRD "na"]
[BlackRD "na"]
[TimeControl "180+0"]
[Date "1999.06.23"]
[Time "08:58:00"]
[WhiteClock "0:03:00.000"]
[BlackClock "0:03:00.000"]
[ECO "B34"]
[PlyCount "162"]
[Result "0-1"]

1. e4 c5 2. Nf3 Nc6 3. d4 cxd4 4. Nxd4 g6 5. Nc3 Bg7 6. Be3 Nf6 7. Qd2 O-O 8. f3 d5 9. Nxc6 bxc6 10. e5 Nd7 11. f4 e6 12. Be2 c5 13. Bf2 Bb7 14. O-O d4 15. Nb5 Rb8 16. Nd6 Ba8 17. b3 Nb6 18. a4 Nd5 19. Bf3 f6 20. Bg3 fxe5 21. fxe5 Qe7 22. Qa5 Ne3 23. Rf2 Bxf3 24. gxf3 h5 25. h3 Nf5 26. Bh2 Nxd6 27. exd6 Qd7 28. Qxc5 Rbc8 29. Qb5 Qxb5 30. axb5 d3 31. Rxa7 Bd4 32. d7 Bxa7 33. dxc8=Q Rxc8 34. cxd3 Rc2 35. Bg3 Bxf2+ 36. Bxf2 Rb2 37. b6 Rxb3 38. d4 Kf7 39. Kg2 Ke8 40. Bg3 Rxb6 41. Be5 Kf7 42. Kg3 Rb3 43. Kf4 Rb1 44. Kg3 g5 45. f4 Kg6 46. fxg5 Kxg5 47. h4+ Kf5 48. Kh2 Rb3 49. Kg2 Kg4 50. Bf6 Rb2+ 51. Kf1 Rd2 52. Ke1 Ra2 53. Kf1 Ra3 54. Ke1 Ra2 55. Kf1 Ra8 56. Ke1 Rc8 57. Ke2 Rf8 58. Bg5 Rf5 59. Ke3 Rxg5 60. hxg5 Kxg5 61. Kf3 Kf5 62. Ke3 h4 63. Kf3 h3 64. Kg3 Ke4 65. Kxh3 Kxd4 66. Kg3 e5 67. Kf3 Kd3 68. Kf2 e4 69. Ke1 Ke3 70. Kf1 Kd2 71. Kf2 e3+ 72. Kf3 e2 73. Kf4 e1=Q 74. Kf5 Qe8 75. Kf4 Kd3 76. Kf5 Qe7 77. Kf4 Qf6+ 78. Kg4 Ke3 79. Kg3 Qg6+ 80. Kh4 Kf4 81. Kh3 Qg3# {White checkmated} 0-1

[Event "FICS rated blitz game"]
[Site "FICS freechess.org"]
[FICSGamesDBGameNo "20001026"]
[White "Bluemaster"]
[Black "Reuben"]
[WhiteElo "1826"]
[BlackElo "1861"]
[WhiteRD "na"]
[BlackRD "na"]
[TimeControl "180+0"]
[Date "1999.06.23"]
[Time "07:51:00"]
[WhiteClock "0:03:00.000"]
[BlackClock "0:03:00.000"]
[ECO "E97"]
[PlyCount "53"]
[Result "1-0"]

1. d4 Nf6 2. c4 g6 3. Nc3 Bg7 4. e4 d6 5. Nf3 O-O 6. Be2 e5 7. O-O Nc6 8. d5 Ne7 9. b4 Nh5 10. Re1 f5 11. Ng5 Nf6 12. Bf3 c6 13. a4 a5 14. bxa5 c5 15. Nb5 Rxa5 16. Bd2 Ra6 17. Bc3 h6 18. Ne6 Bxe6 19. dxe6 Ne8 20. Qd2 f4 21. Bg4 h5 22. Bh3 g5 23. f3 Nf6 24. Qe2 Kh8 25. a5 Bh6 26. Rad1 Qb8 27. Nxd6 {Black forfeits on time} 1-0

[Event "FICS rated blitz game"]
[Site "FICS freechess.org"]
[FICSGamesDBGameNo "20001025"]
[White "Krep"]
[Black "hortus"]
[WhiteElo "1493"]
[BlackElo "1440"]
[WhiteRD "na"]
[BlackRD "na"]
[TimeControl "180+0"]
[Date "1999.06.23"]
[Time "07:49:00"]
[WhiteClock "0:03:00.000"]
[BlackClock "0:03:00.000"]
[ECO "B06"]
[PlyCount "89"]
[Result "1-0"]

1. e4 g6 2. Nf3 Bg7 3. Bc4 e6 4. O-O Ne7 5. d4 d6 6. a3 O-O 7. d5 exd5 8. exd5 Na6 9. Bxa6 bxa6 10. h3 Rb8 11. c3 Bf5 12. Nd4 Bxb1 13. Rxb1 Nxd5 14. Nc6 Qd7 15. Nxb8 Rxb8 16. Qxd5 Bxc3 17. b4 c6 18. Qd3 Bg7 19. Bb2 Bxb2 20. Rxb2 c5 21. Qxa6 Qe7 22. Re2 Qg5 23. bxc5 dxc5 24. Qxa7 Rb3 25. Qa8+ Kg7 26. Re3 Rxe3 27. fxe3 Qxe3+ 28. Kh1 c4 29. Qf3 Qe6 30. Qc3+ Kg8 31. Rc1 h5 32. Qxc4 Qe3 33. Qc8+ Kg7 34. Qc3+ Qxc3 35. Rxc3 g5 36. a4 Kg6 37. a5 f5 38. a6 g4 39. a7 f4 40. hxg4 hxg4 41. a8=Q Kg5 42. Qa5+ Kg6 43. Rc6+ Kf7 44. Qa7+ Ke8 45. Rc8# {Black checkmated} 1-0

[Event "FICS rated blitz game"]
[Site "FICS freechess.org"]
[FICSGamesDBGameNo "20001024"]
[White "cdavid"]
[Black "LaCosta"]
[WhiteElo "1361"]
[BlackElo "1490"]
[WhiteRD "na"]
[BlackRD "na"]
[TimeControl "180+2"]
[Date "1999.06.23"]
[Time "03:09:00"]
[WhiteClock "0:03:00.000"]
[BlackClock "0:03:00.000"]
[ECO "B23"]
[PlyCount "98"]
[Result "0-1"]

1. e4 c5 2. Nc3 d6 3. f4 Nf6 4. Nf3 Nbd7 5. Bb5 e6 6. d4 cxd4 7. Qxd4 Be7 8. O-O Qc7 9. Kh1 O-O 10. e5 dxe5 11. Nd2 exd4 12. Bxd7 Bxd7 13. Nce4 Nxe4 14. Nxe4 Bc6 15. Ng5 Bxg5 16. fxg5 Be4 17. Re1 Qxc2 18. Rg1 Rac8 19. h3 d3 20. Be3 d2 21. Bxa7 Qc1 22. Be3 Qxg1+ 23. Kxg1 Rc1+ 24. Rxc1 dxc1=N 25. Bxc1 Rc8 26. Bf4 Rc2 27. Be5 Rxg2+ 28. Kf1 Kf8 29. a4 Rxg5 30. Bd6+ Ke8 31. b4 Rg2 32. a5 Kd7 33. Bc5 Kc6 34. Bb6 Rh2 35. Kg1 Rxh3 36. Kf2 Rb3 37. Bc5 Rc3 38. Be7 Kb5 39. Ke2 Rb3 40. Kd2 Rxb4 41. Bxb4 Kxb4 42. Ke3 Bf5 43. a6 bxa6 44. Kd4 a5 45. Ke3 a4 46. Kd2 a3 47. Kc1 a2 48. Kb2 Bb1 49. Ka1 h5 {White forfeits on time} 0-1

[Event "FICS rated blitz game"]
[Site "FICS freechess.org"]
[FICSGamesDBGameNo "20001023"]
[White "Zaupa"]
[Black "hasenfusz"]
[WhiteElo "1754"]
[BlackElo "1864"]
[WhiteRD "na"]
[BlackRD "na"]
[TimeControl "180+0"]
[Date "1999.06.23"]
[Time "02:34:00"]
[WhiteClock "0:03:00.000"]
[BlackClock "0:03:00.000"]
[ECO "B07"]
[PlyCount "79"]
[Result "0-1"]

1. e4 d6 2. d4 Nf6 3. Nc3 c6 4. a4 a5 5. Be3 Na6 6. Qd2 Nb4 7. f3 e6 8. Bc4 d5 9. Bb3 Be7 10. e5 Nd7 11. Qf2 Qc7 12. Nge2 b6 13. O-O Ba6 14. Rfe1 O-O 15. Qg3 Rfc8 16. Bh6 Bf8 17. h4 c5 18. h5 cxd4 19. Nxd4 Nc5 20. Bxg7 Bxg7 21. h6 Kf8 22. Qxg7+ Ke7 23. Qxh7 Nd7 24. f4 Rh8 25. Ndb5 Bxb5 26. Nxb5 Qc5+ 27. Kh2 Rxh7 28. c3 Rxh6+ 29. Kg3 Rg8+ 30. Kf3 Nd3 31. Re3 N7xe5+ 32. fxe5 Rxg2 33. Kxg2 Rg6+ 34. Kf3 Qc8 35. Rxd3 Qh8 36. Rf1 Qh5+ 37. Ke3 Qh3+ 38. Kd2 Qxf1 39. Kc2 Rg2+ 40. Rd2 {White forfeits on time} 0-1

[Event "FICS rated blitz game"]
[Site "FICS freechess.org"]
[FICSGamesDBGameNo "20001022"]
[White "Transmux"]
[Black "mooch"]
[WhiteElo "1327"]
[BlackElo "1239"]
[WhiteRD "na"]
[BlackRD "na"]
[TimeControl "300+0"]
[Date "1999.06.23"]
[Time "00:19:00"]
[WhiteClock "0:05:00.000"]
[BlackClock "0:05:00.000"]
[ECO "A40"]
[PlyCount "68"]
[Result "0-1"]

1. d4 g6 2. e3 Bg7 3. Bd3 e6 4. c3 Ne7 5. f4 d6 6. Nd2 b6 7. Ngf3 c6 8. O-O c5 9. Qe2 cxd4 10. exd4 Bb7 11. Be4 Bxe4 12. Nxe4 d5 13. Ng3 Nd7 14. Ne5 Nxe5 15. fxe5 Nf5 16. Nxf5 gxf5 17. Qh5 Qe7 18. Bh6 Bxh6 19. Qxh6 Qf8 20. Qf6 Rg8 21. b4 Qg7 22. Qxg7 Rxg7 23. a4 Kd7 24. Rfc1 Rg4 25. a5 b5 26. a6 Kc6 27. h3 Rg3 28. Kf2 f4 29. Ra3 Rc8 30. Ra2 Rcg8 31. Rg1 h5 32. Rc2 h4 33. Re2 Kb6 34. Re3 fxe3+ {White resigns} 0-1